 Dungeon Crawl Stone Soup version 0.29-a0-103-g37f86683bf (webtiles) character file.

Game seed: 17441995744301433456

165 Murumi the Shield-Bearer (level 5, -20/42 HPs)
             Began as a Formicid Fighter on Feb 16, 2022.
             Was a Believer of Makhleb.
             Killed from afar by Ijyb (33 damage)
             ... with a bolt of acid
             ... on level 3 of the Dungeon.
             The game lasted 00:08:17 (2247 turns).

Murumi the Shield-Bearer (Formicid Fighter)         Turns: 2247, Time: 00:08:19

Health: -20/42     AC:  6    Str: 20    XL:     5   Next: 75%
Magic:  6/6        EV:  8    Int: 10    God:    Makhleb [**....]
Gold:   130        SH: 10    Dex: 10    Spells: 4/4 levels left

rFire   . . .      SeeInvis +   a - +0 long sword
rCold   . . .      Faith    .   i - +2 kite shield
rNeg    . . .      Spirit   .   b - +0 scale mail
rPois   .          Reflect  .   (helmet unavailable)
rElec   .          Harm     .   l - +0 cloak
rCorr   .          Rampage  .   f - +0 pair of gloves
Will    .....                   g - +0 pair of boots
Stlth   ..........              (no amulet)
HPRegen 0.14/turn               (no ring)
MPRegen 0.10/turn               (no ring)

@: corroded
A: permanent stasis, dig shafts and tunnels, antennae 3, four strong arms
a: Dig, Shaft Self, Renounce Religion, Minor Destruction


You were on level 3 of the Dungeon.
You worshipped Makhleb.
Makhleb was pleased with you.
You visited 1 branch of the dungeon, and saw 3 of its levels.

You collected 130 gold pieces.

Inventory:

Hand Weapons
 a - a +0 long sword (weapon)
Armour
 b - a +0 scale mail (worn)
 f - a +0 pair of gloves (worn)
 g - a +0 pair of boots (worn)
 i - a +2 kite shield (worn)
 l - a +0 cloak (worn)
Jewellery
 e - a ring of fire
Wands
 j - a wand of paralysis (5)
Scrolls
 h - a scroll of magic mapping
Potions
 c - a potion of cancellation
 d - a potion of might
 k - a potion of brilliance {unknown}


   Skills:
 - Level 4.0 Fighting
 - Level 3.0 Long Blades
 - Level 4.0 Armour
 - Level 1.0 Dodging
 + Level 4.1 Shields
 - Level 2.0 Invocations
 - Level 2.0 Evocations


You had 4 spell levels left.
You didn't know any spells.
Your spell library contained the following spells:

 Spells                   Type           Power      Damage    Failure   Level
 Static Discharge         Conj/Air       0%         N/A       98%         2
 Summon Lightning Spire   Summ/Air       0%         N/A       100%        4
 Alistair's Intoxication  Tmut/Pois      0%         N/A       100%        5
 Maxwell's Capacitive Co  Air            0%         ∞         100%        8


Dungeon Overview and Level Annotations

Branches:
Dungeon (3/15)

Altars:
Makhleb

Annotations:
D:3 Ijyb


Innate Abilities, Weirdness & Mutations

You cannot be hasted, slowed, berserked, paralysed or teleported.
You can dig through walls and to a lower floor.
You have a pair of large antennae on your head. (SInv)
Your four strong arms can wield two-handed weapons with a shield.


Message History

You climb downwards.
The ball python hisses angrily.
There is a stone staircase leading up here.
A ball python is nearby!
The ball python barely misses you. The ball python closely misses you.
You barely miss the ball python. The ball python closely misses you.
The ball python grabs you. The ball python constricts you.
You slash the ball python!
You kill the ball python!
Makhleb accepts your kill.
You feel better.
Found a stone staircase leading down.
There is a stone staircase leading down here.
Found a robe.
Ijyb the Twisted Goblin comes into view.
She is wielding a +3 dagger of freezing and carrying a wand of acid (5).
Ijyb shouts!
Ijyb screams, "Me very upset!"
You hit Ijyb.
Ijyb is lightly wounded.
Ijyb hits you with a +3 dagger of freezing.
Ijyb freezes you.
You slash Ijyb!
Ijyb is severely wounded.
You block Ijyb's attack. Ijyb hits you but does no damage.
You barely miss Ijyb.
Ijyb is severely wounded.
Ijyb zaps a wand.
The bolt of acid hits you!! The acid corrodes you!
You are too injured to fight recklessly!
You hit Ijyb but do no damage.
Ijyb is severely wounded.
Ijyb screams, "Me very upset!"
Ijyb hits you with a +3 dagger of freezing.
Ijyb freezes you.
You closely miss Ijyb.
Ijyb is severely wounded.
Ijyb screams, "Me stronger than you!"
Ijyb hits you with a +3 dagger of freezing.
Ijyb freezes you.
Ijyb zaps a wand.
The bolt of acid hits you!!
Ouch! That really hurt!
You die...

##.#### ##.# .#
#... .# #.[.. #. #
.# #.... .. .##.#
#....### .##.. ..
#......### ..... ..
#....g...###..#
#@......# #.......#
#......##....###
##....#####....##
#..## #..#..### #.#
##...#...##
#.#######..........
. .........#####..#
. .######.## .


You could see Ijyb.

Vanquished Creatures
  An orc priest (D:2)
  Crazy Yiuf (D:2)
  An orc wizard (D:2)
  A gnoll (D:1)
  An adder (D:2)
  A dart slug (D:2)
  An orc (D:3)
  3 bats
  7 endoplasms
  2 giant cockroaches
  3 goblins (D:1)
  8 hobgoblins
  4 jackals (D:2)
  3 quokkas (D:2)
  7 ball pythons
  3 frilled lizards
  4 kobolds
  5 rats
56 creatures vanquished.

Notes
Turn   | Place    | Note
-------+----------+-------------------------------------------
     0 | D:1      | Murumi the Formicid Fighter began the quest for the Orb.
     0 | D:1      | Reached XP level 1. HP: 18/18 MP: 1/1
    42 | D:1      | Found a faded altar of an unknown god.
    55 | D:1      | Prayed at the altar of an unknown god.
    55 | D:1      | Became a worshipper of Makhleb the Destroyer
    55 | D:1      | Reached * piety under Makhleb
   300 | D:1      | Reached XP level 2. HP: 24/24 MP: 2/2
   481 | D:1      | Reached XP level 3. HP: 22/30 MP: 3/3
   888 | D:1      | You fall into a shaft and drop 1 floor!
   915 | D:2      | Reached ** piety under Makhleb
   967 | D:2      | Reached skill level 1 in Invocations
   989 | D:2      | Reached XP level 4. HP: 37/37 MP: 4/4
  1016 | D:2      | Reached skill level 1 in Dodging
  1458 | D:2      | Got the Papyrus of Toxins and Flight
  1890 | D:2      | Found a runed translucent door.
  1891 | D:2      | Noticed Crazy Yiuf
  1896 | D:2      | Killed Crazy Yiuf
  1897 | D:2      | Reached XP level 5. HP: 42/42 MP: 6/6
  1964 | D:2      | Reached skill level 1 in Evocations
  2239 | D:3      | Noticed Ijyb
  2247 | D:3      | Killed from afar by Ijyb

Illustrated notes

Levels and vault maps discovered:
D:1:      dpeg_arrival_simpleton_c, layout_basic,
          shapermc_ecumenical_altar_venn, grunt_decor_mini_mirrors
D:2:      layout_rooms, uniq_crazy_yiuf_cottage
D:3:      layout_rooms, minmay_crystal_water, minivault_26,
          kennysheep_generic_room_12, uniq_terence, uniq_ijyb

Skill      XL: |  1  2  3  4  5 |
---------------+----------------+-----
Shields        | 4 |  4.1
Fighting       | 4 |  4.0
Armour         | 4 |  4.0
Invocations    | 1 2 |  2.0
Dodging        | 1 |  1.0
Long Blades    | 3 |  3.0
Evocations     | 2 |  2.0

Action                   |  1- 3 |  4- 6 || total
-------------------------+-------+-------++-------
Melee: Long sword        |   101 |    83 ||   184
  Use: Scroll            |       |     3 ||     3
Armor: Scale mail        |    49 |    42 ||    91
Dodge: Dodged            |    40 |    31 ||    71
Block: Buckler           |    21 |     6 ||    27
       Kite shield       |       |    24 ||    24

Table legend: (Time is in decaauts)
 A = Elapsed time spent in this place.
 B = Non-inter-level travel time spent in this place.
 C = Inter-level travel time spent in this place.
 D = Time resting spent in this place.
 E = Time spent auto-exploring this place.
 F = Levels seen in this place.
 G = Mean time per level.
                   A        B        C        D        E       F      G
               +--------+--------+--------+--------+--------+-----+--------+
         Total |   2315 |   2183 |    132 |    129 |   1513 |   3 |  771.7 |
       Dungeon |   2315 |   2183 |    132 |    129 |   1513 |   3 |  771.7 |
               +--------+--------+--------+--------+--------+-----+--------+

Top non-repeatable levels by time:
     D:1: 1203 daAuts
     D:2: 1060 daAuts
     D:3: 51 daAuts
